 Dungeon Crawl Stone Soup version 0.25.0-10-g039870ee82 (webtiles) character file.

Game seed: 17904335018907836383

13 Lavandula the Vexing (level 2, -4/25 HPs)
             Began as a Naga Arcane Marksman on June 23, 2020.
             Killed from afar by Natasha (5 damage)
             ... with a magic dart
             ... on level 3 of the Dungeon.
             The game lasted 00:01:13 (334 turns).

Lavandula the Vexing (Naga Arcane Marksman)          Turns: 334, Time: 00:01:13

Health: -4/25      AC:  1    Str: 12    XL:     2   Next: 37%
Magic:  3/3        EV: 10    Int: 13    God:
Gold:   19         SH:  0    Dex: 11    Spells: 2/3 levels left

rFire    . . .     SeeInvis +   a - +0 hand crossbow
rCold    . . .     Gourm    .   (no shield)
rNeg     . . .     Faith    .   e - +0 robe
rPois    +         Spirit   .   (no helmet)
rElec    .         Reflect  .   (no cloak)
rCorr    .         Harm     .   (no gloves)
MR       .....                  (no barding)
Stlth    +.........             (no amulet)
HPRegen  0.08/turn              (no ring)
MPRegen  0.08/turn              (no ring)

@: short of breath, slowed, very slow
A: large, see invisible, deformed body, poison resistance, slowness 2, slow
metabolism 1, spit poison 1, AC +0
a: Spit Poison


You were on level 3 of the Dungeon.
You were not hungry.

You visited 1 branch of the dungeon, and saw 3 of its levels.

You collected 19 gold pieces.

Inventory:

Hand Weapons
 a - a +0 hand crossbow (weapon)
Missiles
 d - 17 bolts (quivered)
Armour
 e - a +0 robe (worn)
Scrolls
 b - a scroll of identify {unknown}
Potions
 c - a potion of stabbing {unknown}
Comestibles
 f - a ration


   Skills:
 - Level 1.0 Fighting
 + Level 2.7 Crossbows
 - Level 1.5 Dodging
 - Level 1.0 Spellcasting
 - Level 3.0 Hexes


You had 2 spell levels left.
You knew the following spells:

 Your Spells              Type           Power        Failure   Level  Hunger
a - Corona                Hex            #......      9%          1    ##.....

Your spell library contained the following spells:

 Spells                   Type           Power        Failure   Level  Hunger
 Slow                     Hex            #.......     12%         2    ###....
 Inner Flame              Hex/Fire       #.......     41%         3    ####...
 Portal Projectile        Hex/Tloc       #.....       41%         3    ####...
 Cause Fear               Hex            #.........   63%         4    #####..
 Leda's Liquefaction      Hex/Erth       #.........   83%         4    #####..


Dungeon Overview and Level Annotations

Branches:
Dungeon (3/15)

Altars:

Annotations:
D:3 Natasha


Innate Abilities, Weirdness & Mutations

You cannot wear boots.
Your serpentine skin is tough. (AC +0)
You have supernaturally acute eyesight. (SInv)
Armour fits poorly on your strangely shaped body.
Your system is resistant to poisons. (rPois)
You cover ground very slowly.
You have a slow metabolism.
You can spit poison.


Message History

The gnoll throws a throwing net.
The throwing net hits you.
You become entangled in the net!
You can't do that while held in a net.
Okay, then.
You struggle against the net.
Unknown command.
You struggle against the net.
The gnoll hits you with a +0 club!
A rat comes into view.
Unknown command.
You struggle against the net.
The gnoll hits you from afar with a +0 spear.
Natasha casts a spell at you.
You feel yourself slow down. The gnoll hits you with a +0 club.
Unknown command.
You rip the net and break free!
The gnoll hits you from afar with a +0 spear!
* * * LOW HITPOINT WARNING * * *
Natasha casts a spell at you. The magic dart hits you.
You die...

####.####
#.......#
........#
........#
.........
#....gg.#
#....Sh.#
#.>..gg@#
####<#.##
... ###.
#r .. ..
..


You could see Natasha, 4 gnolls, an adder and a rat.

Vanquished Creatures
  A dart slug (D:1)
  A hobgoblin (D:1)
  4 jackals (D:1)
  A quokka (D:2)
  A bat (D:1)
  A frilled lizard (D:1)
  A rat (D:1)
10 creatures vanquished.

Notes
Turn   | Place    | Note
-------+----------+-------------------------------------------
     0 | D:1      | Lavandula the Naga Arcane Marksman began the quest for the
                  | Orb.
     0 | D:1      | Reached XP level 1. HP: 18/18 MP: 2/2
   152 | D:1      | Reached XP level 2. HP: 17/25 MP: 3/3
   329 | D:3      | Noticed Natasha
   334 | D:3      | HP: 1/25 [gnoll/+0 spear (8)]
   334 | D:3      | Killed from afar by Natasha

Illustrated notes

Levels and vault maps discovered:
D:1:      zelgadis_glass_arrival_large, layout_basic
D:2:      layout_loops_ring, nicolae_overflow_crystal_walls, first_ration
D:3:      layout_loops_ring, minitemple, small_statue_intersection, uniq_natasha

Skill      XL: |  1 |
---------------+----+-----
Crossbows      | 2 |  2.7
Fighting       | |  1.0
Dodging        | |  1.5
Spellcasting   | |  1.0
Hexes          | |  3.0

Action                   || total
-------------------------++-------
 Fire: Hand crossbow     ||    17
 Abil: Spit Poison       ||     7
Armor: Robe              ||     2
Dodge: Dodged            ||     9
